 Dungeon Crawl Stone Soup version 0.20.0 (webtiles) character file.

3658 Llamajah the Shield-Bearer (level 10, -5/79 HPs)
             Began as a Formicid Fighter on June 16, 2017.
             Was a Believer of Okawaru.
             Slain by a porcupine (7 damage)
             ... on level 7 of the Dungeon.
             The game lasted 00:25:30 (7019 turns).

Llamajah the Shield-Bearer (Formicid Fighter)       Turns: 7019, Time: 00:25:31

Health: -5/79      AC: 11    Str: 20    XL:     10   Next: 34%
Magic:  10/10      EV: 11    Int:  9    God:    Okawaru [**....]
Gold:   417        SH: 15    Dex: 13    Spells: 9/9 levels left

rFire    . . .     SeeInvis +   a - +0 war axe
rCold    . . .     Gourm    .   c - +0 shield
rNeg     . . .     Faith    .   t - +0 chain mail (curse)
rPois    .         Spirit   .   (helmet unavailable)
rElec    .         Reflect  +   (no cloak)
rCorr    +         Harm     .   w - +0 pair of gloves
MR       +....                  (no boots)
Stlth    ..........             u - +4 amulet of reflection
Regen    0.3/turn               r - ring of resist corrosion
MPRegen  0.2/turn               (no ring)

@: no status effects
A: permanent stasis, dig shafts and tunnels, four strong arms, antennae 3
a: Dig, Shaft Self, Heroism, Renounce Religion


You were on level 7 of the Dungeon.
You worshipped Okawaru.
Okawaru was pleased with you.
You were not hungry.

You visited 2 branches of the dungeon, and saw 9 of its levels.

You collected 417 gold pieces.

Inventory:

Hand Weapons
 a - a +0 war axe (weapon)
Armour
 b - a +0 scale mail
 c - a +0 shield (worn)
 t - a cursed +0 chain mail (worn)
 w - a +0 pair of gloves (worn)
Jewellery
 r - a ring of resist corrosion (left hand)
 u - a +4 amulet of reflection (around neck)
Wands
 h - a wand of confusion (21/48)
 p - a wand of lightning (0/15)
 y - a wand of scattershot (0/9)
Scrolls
 d - 6 scrolls of identify {unknown}
 g - 2 scrolls of random uselessness {unknown}
 i - 6 scrolls of teleportation {unknown}
 j - 2 scrolls of magic mapping {unknown}
 o - 2 scrolls of fog {unknown}
 s - 2 scrolls of noise {unknown}
 v - 4 scrolls of remove curse {unknown}
 z - 3 scrolls of amnesia {unknown}
 B - 2 scrolls of enchant armour {unknown}
 D - a scroll of enchant weapon {unknown}
 F - a scroll of immolation {unknown}
Potions
 e - 4 potions of lignification
 k - a potion of might
 n - 2 potions of brilliance
 q - a potion of agility
 A - 2 potions of haste
 C - a potion of degeneration {unknown}
 E - 2 potions of flight
Books
 G - a book of Minor Magic

   Spells                             Type                      Level
   a - Magic Dart                     Conjuration                  1
   b - Blink                          Translocation                2
   c - Call Imp                       Summoning                    2
   d - Slow                           Hexes                        2
   e - Conjure Flame                  Conjuration/Fire             3
   f - Mephitic Cloud                 Conjuration/Poison/Air       3
 H - a book of Callings

   Spells                             Type                      Level
   a - Summon Small Mammal            Summoning                    1
   b - Call Imp                       Summoning                    2
   c - Call Canine Familiar           Summoning                    3
   d - Summon Guardian Golem          Hexes/Summoning              3
   e - Summon Lightning Spire         Summoning/Air                4
   f - Summon Ice Beast               Ice/Summoning                4
Comestibles
 f - 7 bread rations
 l - 5 royal jellies
 m - 3 meat rations
 x - 2 fruits
 I - a chunk of flesh


   Skills:
 + Level 7.1 Fighting
 + Level 6.2 Axes
 + Level 7.2 Armour
 * Level 7.3 Dodging
 + Level 7.8 Shields


You had 9 spell levels left.
You didn't know any spells.

Dungeon Overview and Level Annotations

Branches:
Dungeon (8/15)             Temple (1/1) D:6
   Lair: D:8-11

Altars:
Cheibriados
Dithmenos
Fedhas
Hepliaklqana
Kikubaaqudgha
Makhleb
Nemelex Xobeh
Okawaru
Ru
Trog
Uskayaw
Vehumet
Xom
Yredelemnul
Zin
The Shining One

Shops:
D:4 ?*(*%   D:5 (

Annotations:
D:7 Prince Ribbit


Innate Abilities, Weirdness & Mutations

You cannot be hasted, slowed, berserked, paralysed or teleported.
You can dig through walls and to a lower floor.
Your four strong arms can wield two-handed weapons with a shield.
You have a pair of large antennae on your head. (SInv)


Message History

The porcupine closely misses you. The scorpion barely misses you.
The scorpion stings you.
* * * LOW HITPOINT WARNING * * *
A shadow imp comes into view.
The shadow imp shouts, "Scamper away, thou clouted fool-headed pumpion!"
The shadow imp moves out of view.
You block the scorpion's attack.
The shadow imp picks up a beetle and eats it.
The porcupine barely misses you.
There is a stone staircase leading up here.
You block the porcupine's attack.
You climb upwards.
Level annotation: Prince Ribbit
There is a stone staircase leading down here.
You are struck by the porcupine's spines.
* * * LOW HITPOINT WARNING * * *
Your chain mail prevents you from hitting the porcupine.
The porcupine is severely wounded.
You block the porcupine's attack. The porcupine bites you!
You die...

#.............# #.#
##.......p.....# #.#
#..............#####.#
##...........#.#......
##....).....#.#.###..
##..{...#..#.#.# ##.
#.###.###..)..# #.
#.###..#......####.
#r@.........#......
#######...#######..
###.# #..< #>######...
#.<........
#..........
#.#####.##. #.# #.###
#.#####.#


You could see a porcupine.

Vanquished Creatures
  Pikel (D:7)
  The ghost of zilverxoul the Sneak, an amateur SpHu (D:4)
  Eustachio (D:4)
  Menkaure (D:5)
  A water moccasin (D:7)
  A porcupine (D:8)
  3 black bears
  2 orc warriors (D:6)
  2 slaves (D:7)
  2 sky beasts
  2 phantoms
  An ice beast (D:8)
  A necrophage (D:6)
  2 ogres
  6 bullfrogs
  2 scorpions
  3 howler monkeys (D:8)
  3 jellies
  A crimson imp (D:6)
  2 orc priests
  2 bullfrog skeletons
  2 hounds
  2 iguanas (D:7)
  4 orc wizards
  5 worker ants
  A hound zombie (D:6)
  A worker ant zombie (D:5)
  7 adders
  4 gnolls (D:3)
  A shadow imp (D:7)
  4 oozes
  4 adder skeletons
  6 worms
  A dart slug (D:3)
  7 leopard geckos
  20 orcs
  3 ball pythons
  5 giant cockroaches
  9 goblins
  6 hobgoblins
  10 jackals
  7 quokkas
  5 bats
  6 frilled lizards
  2 jackal skeletons
  A jackal zombie (D:5)
  11 kobolds
  A leopard gecko skeleton (D:4)
  A leopard gecko zombie (D:5)
  A quokka skeleton (D:4)
  5 rats
  A bush (D:1)
183 creatures vanquished.

Vanquished Creatures (others)
  2 fungi (D:8)
  A plant (D:8)
3 creatures vanquished.

Grand Total: 186 creatures vanquished

Notes
Turn   | Place    | Note
-------+----------+-------------------------------------------
     0 | D:1      | Llamajah the Formicid Fighter began the quest for the Orb.
     0 | D:1      | Reached XP level 1. HP: 18/18 MP: 1/1
    85 | D:1      | Reached XP level 2. HP: 15/24 MP: 2/2
   365 | D:1      | Reached XP level 3. HP: 29/29 MP: 3/3
   430 | D:1      | Reached skill level 1 in Dodging
   683 | D:2      | Reached XP level 4. HP: 23/36 MP: 4/4
  1234 | D:3      | Reached XP level 5. HP: 17/42 MP: 5/5
  1588 | D:3      | Reached XP level 6. HP: 11/48 MP: 6/6
  2207 | D:4      | Found Enuimuh's Assorted Antiques.
  2207 | D:4      | Noticed zilverxoul's ghost (amateur SpHu)
  2862 | D:4      | Killed zilverxoul's ghost
  2862 | D:4      | Reached skill level 5 in Shields
  2862 | D:4      | Reached XP level 7. HP: 31/55 MP: 7/7
  2912 | D:4      | Found Yxipnut's Weapon Boutique.
  2949 | D:4      | Found Vatt's Food Emporium.
  3031 | D:4      | Found Quaqocs's General Store.
  3250 | D:4      | Reached skill level 5 in Fighting
  3548 | D:4      | Found Weblaota's Magic Scroll Shop.
  3630 | D:4      | Noticed Eustachio
  3683 | D:4      | Killed Eustachio
  3683 | D:4      | Reached XP level 8. HP: 44/62 MP: 8/8
  3919 | D:5      | Entered Level 5 of the Dungeon
  3954 | D:5      | Reached skill level 5 in Armour
  3978 | D:5      | Found Zoawnat's Antique Weapon Emporium.
  4189 | D:5      | Noticed Menkaure
  4224 | D:5      | Killed Menkaure
  4224 | D:5      | Reached skill level 5 in Dodging
  4799 | D:6      | Reached XP level 9. HP: 36/69 MP: 9/9
  5128 | D:6      | Reached skill level 5 in Axes
  5499 | D:6      | Found a staircase to the Ecumenical Temple.
  5543 | Temple   | Entered the Ecumenical Temple
  5552 | Temple   | Became a worshipper of Warmaster Okawaru
  6432 | D:7      | Reached * piety under Okawaru
  6494 | D:7      | Noticed Pikel
  6515 | D:7      | Killed Pikel
  6515 | D:7      | Reached ** piety under Okawaru
  6515 | D:7      | Reached XP level 10. HP: 64/77 MP: 10/10
  6528 | D:7      | Noticed Prince Ribbit
  7019 | D:7      | HP: 1/79 [porcupine's spines (14)]
  7019 | D:7      | Slain by a porcupine

Skill      XL: |  1  2  3  4  5  6  7  8  9 10 |
---------------+-------------------------------+-----
Shields        | 4 5 6 7 |  7.8
Dodging        | 1 2 3 4 5 6 7 |  7.3
Fighting       | 4 5 6 7 |  7.1
Armour         | 4 5 6 7 |  7.2
Axes           | 3 4 5 6 |  6.2

Action                   |  1- 3 |  4- 6 |  7- 9 | 10-12 || total
-------------------------+-------+-------+-------+-------++-------
Melee: War axe           |   144 |   215 |   494 |    66 ||   919
 Abil: Dig               |       |       |     3 |       ||     3
Evoke: Wand              |       |       |     6 |       ||     6
  Use: Potion            |       |     1 |    11 |       ||    12
  Eat: Chunk             |       |     7 |    11 |     2 ||    20
       Fruit             |       |       |     2 |       ||     2
Armor: Scale mail        |    45 |    11 |       |       ||    56
       Chain mail        |       |    87 |   132 |    22 ||   241
       Skin              |       |       |    12 |       ||    12
Dodge: Dodged            |    42 |    54 |   153 |    28 ||   277
Block: Shield            |    61 |   174 |   370 |    68 ||   673
       Reflection        |       |       |     2 |       ||     2
